 Dungeon Crawl Stone Soup version 0.18.1-48-g4cf74bf (webtiles) character file.

131128 Heedrag the Devastator (level 16, -11/124 HPs)
             Began as a Demonspawn Fire Elementalist on Aug 24, 2016.
             Was the Champion of Vehumet.
             Mangled by a swamp worm (16 damage)
             ... on level 3 of the Swamp on Aug 26, 2016.
             The game lasted 02:32:37 (38065 turns).

Heedrag the Devastator (DsFE)                      Turns: 38065, Time: 02:32:38

Health: -11/124    AC:  8    Str:  8    XL:     16   Next: 54%
Magic:  8/42       EV: 21    Int: 21    God:    Vehumet [******]
Gold:   2237       SH:  0    Dex: 22    Spells: 10 memorised, 1 level left

rFire  . . .     SeeInvis .     L - staff of energy
rCold  + + .     Gourm    .     H - +2 robe {rN+}
rNeg   + . .     Faith    .     (no shield)
rPois  +         Spirit   .     S - +0 hat {rC+}
rElec  .         Dismiss  .     Q - +0 cloak {rC+}
rCorr  .         Reflect  .     E - +1 pair of gloves {Dex+3}
SustAt .         Harm     .     a - +0 pair of boots
MR     +++..                    G - amulet of magic regeneration
Stlth  +++.......               o - ring of magical power
                                Y - ring of poison resistance

@: lethally poisoned (-11 -> -15), about to teleport, extremely resistant to
hostile enchantments, fairly stealthy
A: antennae 1, hooves 1, thin skeletal structure 2, demonic guardian 2, dopey 1,
foul stench 1, magic resistance 2, slow regeneration 1, wild magic 1, evolution
2, rot immunity, MP-powered wands
a: Renounce Religion


You were on level 3 of the Swamp.
You worshipped Vehumet.
Vehumet was exalted by your worship.
You were hungry.

You visited 4 branches of the dungeon, and saw 28 of its levels.
You also visited: Labyrinth and Ice Cave.

You collected 2359 gold pieces.
You spent 122 gold pieces at shops.

Inventory:

Hand Weapons
 Z - the +8 whip "Snakebite" {curare, rPois}
   (You found it on level 1 of the Lair of Beasts)

   It poisons the flesh of those it strikes.
   It protects you from poison.
Armour
 a - a +0 pair of boots (worn)
 r - the cursed +0 pair of gloves of the Tundras {SInv}
   (You took it off Nikola on level 2 of the Swamp)

   It lets you see invisible.
   It has a curse placed upon it.
 w - a +1 cloak
 x - a swamp dragon hide
 C - a +0 troll leather armour
 E - a +1 pair of gloves of dexterity (worn)
 H - a +2 robe of positive energy (worn)
 P - a +0 shield of reflection
 Q - a +0 cloak of cold resistance (worn)
 S - a +0 hat of cold resistance (worn)
Magical Staves
 L - an uncursed staff of energy (weapon)
 U - an uncursed staff of wizardry
 X - an uncursed staff of cold
Jewellery
 d - an uncursed ring of protection from magic
 j - an uncursed ring of protection from cold
 o - a ring of magical power (right hand)
 F - an uncursed ring of protection from fire
 G - an amulet of magic regeneration (around neck)
 M - an uncursed ring of see invisible
 Y - a ring of poison resistance (left hand)
Wands
 b - a wand of teleportation (1/9)
 k - a wand of polymorph (12/24)
 l - a wand of iceblast (4/15)
 q - a wand of iceblast (9/15)
 s - a wand of digging (11/24)
Scrolls
 e - 10 scrolls of teleportation
 g - 20 scrolls of identify
 m - 7 scrolls of remove curse
 n - a scroll of magic mapping
 A - 3 scrolls of fog
 W - a scroll of blinking
Potions
 f - 2 potions of heal wounds
 i - 9 potions of curing
 p - 3 potions of haste
 v - 2 potions of flight
 z - 5 potions of brilliance
 D - a potion of resistance
 J - a potion of ambrosia
 O - a potion of magic
Books
 h - a book of Air

   Spells                             Type                      Level
   a - Shock                          Conjuration/Air              1
   b - Swiftness                      Charms/Air                   2
   c - Repel Missiles                 Charms/Air                   2
   d - Static Discharge               Conjuration/Air              3
   e - Lightning Bolt                 Conjuration/Air              5
 u - a book of Ice

   Spells                             Type                      Level
   a - Ice Form                       Ice/Transmutation            4
   b - Metabolic Englaciation         Hexes/Ice                    5
   c - Ozocubu's Refrigeration        Ice                          6
   d - Bolt of Cold                   Conjuration/Ice              6
   e - Freezing Cloud                 Conjuration/Ice/Air          6
   f - Simulacrum                     Ice/Necromancy               6
 y - the Almanac of Karma
   (You found it on level 1 of the Swamp)

   Spells                             Type                      Level
   a - Recall                         Summoning/Translocation      3
   b - Silence                        Hexes/Air                    5
   c - Summon Forest                  Summoning/Translocation      5
   d - Conjure Ball Lightning         Conjuration/Air              6
 B - a book of Minor Magic

   Spells                             Type                      Level
   a - Magic Dart                     Conjuration                  1
   b - Blink                          Translocation                2
   c - Call Imp                       Summoning                    2
   d - Repel Missiles                 Charms/Air                   2
   e - Slow                           Hexes                        2
   f - Conjure Flame                  Conjuration/Fire             3
   g - Mephitic Cloud                 Conjuration/Poison/Air       3
 N - a book of the Earth

   Spells                             Type                      Level
   a - Leda's Liquefaction            Hexes/Earth                  4
   b - Bolt of Magma                  Conjuration/Fire/Earth       5
   c - Statue Form                    Transmutation/Earth          6
   d - Iron Shot                      Conjuration/Earth            6
   e - Shatter                        Earth                        9
Miscellaneous
 V - a crystal ball of energy
Comestibles
 c - 17 bread rations
 t - 16 fruits
 I - 3 meat rations
 K - 2 beef jerkies
 R - 2 royal jellies
 T - 7 slices of pizza


   Skills:
 + Level 10.7 Fighting
 + Level 9.3 Dodging
 - Level 1.7 Stealth
 + Level 3.1 Shields
 + Level 13.0 Spellcasting
 * Level 15.7 Conjurations
 + Level 4.5 Charms
 - Level 6.7 Summonings
 + Level 5.7 Necromancy
 + Level 11.5 Fire Magic
 + Level 2.3 Ice Magic


You had one spell level left.
You knew the following spells:

 Your Spells              Type           Power        Failure   Level  Hunger
a - Flame Tongue          Conj/Fire      #####        1%          1    None
b - Conjure Flame         Conj/Fire      #######.     1%          3    None
c - Throw Flame           Conj/Fire      ######       1%          2    None
d - Bolt of Fire          Conj/Fire      #######...   1%          6    None
e - Fireball              Conj/Fire      #######...   1%          5    None
f - Spellforged Servitor  Conj/Summ      ######....   19%         7    None
g - Regeneration          Chrm/Necr      #####.....   3%          3    None
h - Iskenderun's Battles  Conj/Chrm      ######..     1%          5    None
i - Delayed Fireball      Conj/Fire      N/A          7%          7    None
j - Bolt of Cold          Conj/Ice       ######....   8%          6    None


Dungeon Overview and Level Annotations

Branches:
Dungeon (15/15)            Temple (1/1) D:5            Lair (8/8) D:10
  Swamp (4/4) Lair:5        Snake (0/4) Lair:5        Slime (0/6) Lair:6
    Orc (0/2) D:10         Vaults (0/5) D:14         Depths (0/5) D:15

Altars:
Elyvilon
Fedhas
Kikubaaqudgha
Makhleb
Nemelex Xobeh
Qazlal
Vehumet
Yredelemnul
Beogh

Shops:
D:11 =   D:15 [}[**

Portals:
Trove: D:10 (give +7 demon blade)

Annotations:
D:9 Maurice


Innate Abilities, Weirdness & Mutations

You have a pair of small antennae on your head.
You have a moderately thin skeletal structure (Dex +4, Stealth+).
A demonic guardian rushes to your aid.
You may emit foul miasma when damaged in melee.
You are immune to rotting.
You have large cloven feet.
You are dopey. (Int -2)
You are highly resistant to hostile enchantments.
You regenerate slowly when monsters are visible.
Your spells are a little harder to cast, but a little more powerful.
You rapidly evolve.
You expend magic power (3 MP) to strengthen your wands.


Message History

Tha five-headed hydra bites ye but does nay damage.
Tha five-headed hydra closely misses ye. x3
Tha five-headed hydra bites ye.
* * * LOW HITPOINT WARNIN'
* * * Castin': Fireball Confirm wit' . or Enter, or press ? or * ta list all spells.
Aimin': Bolt o' Fire
Press: ? - help, Shift-Dir - straight line, f - five-headed hydra
Aim: a five-headed hydra (poison gas, severely wounded, sick) Tha bolt o' fire hits tha five-headed hydra.
Ye kill tha five-headed hydra!
Vehumet accepts yer kill.
Ye feel yer power returnin'.
Ye smell burnin' wood.
Ye feel sick.
Tha swamp dragon bites ye.
* * * LOW HITPOINT WARNIN'
* * * Tha swamp dragon misses ye.
Tha swamp dragon tramples ye but does nay damage.
Tha swamp worm be 'ngulfed in dark miasma.
Tha swamp worm looks ev'n sicker.
Tha swamp worm bites ye!
Ye die...

......♣♣ ♣.≈≈≈≈≈≈.♣♣
...≈...♣♣♣♣♣♣♣.(≈.≈≈.♣
.#....♣♣♣≈≈≈♣♣♣.≈....♣♣
....≈.♣♣≈≈≈.♣♣♣.≈≈w≈.≈♣
...≈..≈♣....♣♣§...≈≈§.♣
#÷....≈♣...♣♣≈....≈§≈≈♣
.....♣♣≈≈÷.♣♣♣§≈≈.§≈≈.♣
.....§.≈≈≈..≈♣♣Dw§≈..♣♣
....≈≈≈≈≈)♣≈≈≈♣♣@§≈≈♣♣
...>≈≈≈....≈≈.♣♣§§≈.≈♣
..♣.≈....≈≈≈≈.♣♣♣.≈.♣♣
.....≈.≈≈≈≈..≈♣ ♣≈≈.≈♣
≈≈..≈..≈≈≈.≈♣♣♣ ♣♣♣..♣
≈≈.♣≈≈....≈♣♣ ♣♣♣♣
≈.♣♣♣.≈≈≈§.♣
≈≈..≈≈≈≈≈≈≈♣
≈≈≈≈♣.≈≈≈♣♣♣


You could see a swamp dragon and 2 swamp worms.

Vanquished Creatures
  A tengu reaver (D:14)
  Donald (Swamp:1)
  2 thorn hunters (Swamp:2)
  Aizul (Swamp:2)
  The ghost of barakagiga the Grappler, a journeyman TrMo of Makhleb (Lair:3)
  A vault guard (D:14)
  2 blizzard demons (IceCv)
  A minotaur (Lab)
  10 hydras
  3 ghost crabs (Swamp:2)
  A catoblepas (Lair:8)
  A death knight (D:14)
  5 centaur warriors
  2 tengu warriors (D:14)
  4 alligators
  3 death yaks (Lair:8)
  A deep troll shaman (Lair:8)
  7 spriggans
  8 swamp dragons
  2 unseen horrors
  A spriggan druid (Swamp:3)
  Pikel (D:7)
  A phantasmal warrior (D:14)
  A lindwurm (Lair:8)
  5 hill giants
  A wizard (D:14)
  A wolf spider (D:15)
  2 necromancers (D:14)
  A griffon (Lair:7)
  5 cyclopes
  An oklob plant (Lair:7)
  A hornet (Swamp:3)
  A manticore (D:15)
  11 elephants
  An ugly thing (D:13)
  6 centaur zombies
  2 ice statues (IceCv)
  4 black mambas
  2 gargoyles
  20 spiny frogs
  2 torpor snails
  3 rime drakes
  4 centaur skeletons
  6 komodo dragons
  An efreet (D:13)
  A yaktaur (D:14)
  3 freezing wraiths (D:14)
  14 ice devils (IceCv)
  2 trolls
  7 giant leeches
  A polar bear (Lair:8)
  13 slime creatures
  A boulder beetle (Lair:8)
  33 blink frogs
  6 bog bodies
  4 shadows
  A vampire (D:15)
  A wraith (D:11)
  A wyvern (shapeshifter) (D:15)
  3 ice beasts
  21 humans
  4 wyverns
  4 hungry ghosts
  49 yaks
  21 vampire mosquitoes
  9 basilisks
  19 hippogriffs
  2 mottled dragons (D:14)
  2 wargs
  4 nagas (Lair:5)
  3 insubstantial wisps
  18 swamp worms
  A soldier ant (D:13)
  18 water moccasins
  14 porcupines
  9 swamp drakes
  2 black bears
  A sky beast (D:5)
  8 wasps
  A phantom (D:11)
  4 orc warriors
  9 centaurs
  13 wolves
  5 ogres
  16 crocodiles
  A big kobold (D:11)
  24 giant frogs
  8 scorpions
  10 killer bees
  13 wights
  5 howler monkeys
  4 electric eels
  2 giant frog zombies
  4 crimson imps
  2 quasits
  A wasp zombie (D:11)
  7 orc priests
  7 jellies
  3 hounds
  A giant frog skeleton (D:4)
  Jessica (D:2)
  4 orc wizards
  9 worker ants
  9 iguanas
  15 hell rats (Lair:7)
  A killer bee zombie (D:8)
  17 sheep
  2 worker ant zombies
  12 adders
  8 gnolls
  73 river rats
  4 shadow imps
  6 white imps (IceCv)
  7 ufetubi (IceCv)
  3 oozes
  2 adder skeletons
  2 worms (D:2)
  2 dart slugs (D:2)
  6 giant geckos
  26 orcs
  2 ball pythons (D:3)
  7 bats
  13 giant cockroaches
  10 goblins
  3 hobgoblins
  9 jackals
  7 quokkas
  6 giant newts
  15 kobolds
  27 rats
  8 fungi
  5 plants
902 creatures vanquished.

Vanquished Creatures (collateral kills)
  Nikola (Swamp:2)
  Rupert (D:12)
  Maud (D:12)
  A dire elephant (D:15)
  3 hydras
  A death knight (D:10)
  4 death yaks (Lair:8)
  7 hill giants
  2 ugly things (D:11)
  3 elephants
  2 cyclopes
  A spiny frog (Lair:1)
  A blink frog (Lair:3)
  A spriggan (Swamp:1)
  9 yaks
  A hippogriff (Lair:1)
  An insubstantial wisp (Swamp:2)
  2 black bears
  A phantom (D:4)
  A sky beast (D:6)
  2 ogres
  3 slaves (D:7)
  4 orc warriors
  An eye of draining (D:10)
  A centaur (D:11)
  2 giant frogs (D:6)
  A killer bee (D:11)
  A crimson imp (D:14)
  A centaur skeleton (D:10)
  3 orc wizards
  A river rat (Lair:6)
  2 orcs (D:10)
66 creatures vanquished.

Vanquished Creatures (others)
  A slave (D:7)
  2 white imps (IceCv)
  2 ufetubi (IceCv)
  An orc (D:5)
  18 fungi
  5 plants
29 creatures vanquished.

Grand Total: 997 creatures vanquished

Notes
Turn   | Place    | Note
--------------------------------------------------------------
     0 | D:1      | Heedrag the Demonspawn Fire Elementalist began the quest for the Orb.
     0 | D:1      | Reached XP level 1. HP: 13/13 MP: 3/3
   260 | D:1      | Gained mutation: A weak demonic guardian rushes to your aid. [demonic ancestry]
   260 | D:1      | Reached XP level 2. HP: 12/19 MP: 5/5
   954 | D:2      | Reached XP level 3. HP: 10/24 MP: 1/7
  1206 | D:2      | Found a stormy altar of Qazlal.
  1542 | D:2      | Learned a level 3 spell: Conjure Flame
  1543 | D:2      | Noticed Jessica
  1551 | D:2      | Killed Jessica
  1551 | D:2      | Reached skill level 2 in Conjurations
  1551 | D:2      | Reached XP level 4. HP: 21/30 MP: 3/9
  1664 | D:2      | Learned a level 2 spell: Throw Flame
  2624 | D:4      | Gained mutation: You are immune to rotting. [demonic ancestry]
  2624 | D:4      | Reached XP level 5. HP: 35/35 MP: 6/10
  2951 | D:4      | Got a transparent ring mail
  3264 | D:5      | Entered Level 5 of the Dungeon
  3424 | D:5      | Found a staircase to the Ecumenical Temple.
  3439 | D:5      | Noticed a water moccasin
  3443 | D:5      | Killed a water moccasin
  3443 | D:5      | Reached skill level 3 in Conjurations
  3443 | D:5      | Gained mutation: You may emit foul miasma when damaged in melee. [demonic ancestry]
  3443 | D:5      | Reached XP level 6. HP: 41/41 MP: 2/12
  3550 | D:5      | Found a blossoming altar of Fedhas.
  3559 | D:5      | Noticed a sky beast
  3592 | D:5      | Killed a sky beast
  3610 | Temple   | Entered the Ecumenical Temple
  3645 | Temple   | Became a worshipper of Vehumet
  3875 | D:6      | Found a white marble altar of Elyvilon.
  3875 | D:6      | Noticed a sky beast
  3884 | D:6      | Killed a sky beast
  3884 | D:6      | Reached skill level 5 in Spellcasting
  3887 | D:6      | Gained mutation: A demonic guardian rushes to your aid. [demonic ancestry]
  3887 | D:6      | Reached XP level 7. HP: 21/46 MP: 4/14
  3894 | D:6      | Gained mutation: Your flesh is cold resistant. [mutagenic meat]
  5119 | D:4      | Reached skill level 4 in Conjurations
  5363 | D:5      | Reached * piety under Vehumet
  5363 | D:5      | Offered knowledge of Freeze by Vehumet.
  5753 | D:6      | Reached skill level 5 in Fire Magic
  5753 | D:6      | Reached XP level 8. HP: 52/52 MP: 16/17
  6134 | D:6      | Reached skill level 5 in Conjurations
  6885 | D:7      | Reached ** piety under Vehumet
  6889 | D:7      | Offered knowledge of Magic Dart by Vehumet.
  6898 | D:7      | Noticed Pikel
  6911 | D:7      | Killed Pikel
  6911 | D:7      | Gained mutation: You have a somewhat thin skeletal structure (Dex +2, Stealth). [demonic ancestry]
  6911 | D:7      | Reached XP level 9. HP: 50/57 MP: 3/21
  7433 | D:7      | Reached skill level 6 in Conjurations
  7728 | D:7      | Found an ancient bone altar of Kikubaaqudgha.
  8117 | D:8      | Learned a level 1 spell: Magic Dart
  8425 | D:8      | Found a sparkling altar of Nemelex Xobeh.
  8573 | D:8      | Reached skill level 1 in Fighting
  8656 | D:8      | Offered knowledge of Ignite Poison by Vehumet.
  8773 | D:9      | Noticed Maurice
  8820 | D:10     | Entered Level 10 of the Dungeon
  9158 | D:10     | Reached *** piety under Vehumet
  9158 | D:10     | Reached skill level 7 in Conjurations
  9350 | D:10     | Found a staircase to the Lair.
  9419 | D:10     | Gained mutation: You have a pair of small antennae on your head. [demonic ancestry]
  9419 | D:10     | Reached XP level 10. HP: 69/69 MP: 4/23
  9428 | D:10     | Offered knowledge of Dazzling Spray by Vehumet.
  9530 | D:10     | Got a faintly glowing flail {antimagic}
  9531 | D:10     | Identified the cursed +3 flail of Havoc {antimagic, +Fly Int-3 Dex+5 Stlth+} (You took it off an orc priest on level 10 of the Dungeon)
  9532 | D:10     | Identified the cursed +1 ring mail of Polytheism {rCorr Dex+4} (You found it on level 4 of the Dungeon)
  9572 | D:10     | Reached skill level 8 in Conjurations
  9752 | D:10     | Noticed a cyclops
  9783 | D:10     | Killed a cyclops
 10120 | D:10     | Found a staircase to the Orcish Mines.
 10140 | D:10     | Found a roughly hewn altar of Beogh.
 10151 | D:10     | Found a portal to a secret trove of treasure.
 10558 | D:10     | Noticed a hill giant
 10560 | D:10     | Noticed a death knight
 10579 | D:10     | Killed a death knight
 10588 | D:10     | Reached **** piety under Vehumet
 10731 | D:10     | Killed a hill giant
 10917 | D:10     | Reached skill level 9 in Conjurations
 11061 | D:11     | Offered knowledge of Olgreb's Toxic Radiance by Vehumet.
 11387 | D:11     | Found Maihyuff's Jewellery Shoppe.
 11783 | D:11     | Noticed a hill giant
 11789 | D:11     | Killed a hill giant
 11813 | D:11     | Noticed a purple ugly thing
 11820 | D:11     | Noticed a hill giant
 11820 | D:11     | Killed a purple ugly thing
 11828 | D:11     | Gained mutation: You are frail (-10% HP). [mutagenic meat]
 11850 | D:11     | Noticed a hill giant
 11857 | D:11     | Killed a hill giant
 11916 | D:11     | Killed a hill giant
 11916 | D:11     | Reached XP level 11. HP: 70/70 MP: 24/24
 11954 | D:11     | Noticed a hill giant
 11957 | D:11     | Killed a hill giant
 11957 | D:11     | Reached skill level 5 in Fighting
 12251 | D:11     | Learned a level 5 spell: Fireball
 12290 | D:11     | Noticed a white ugly thing
 12304 | D:11     | Killed a white ugly thing
 12319 | D:11     | Reached ***** piety under Vehumet
 12324 | D:11     | Reached skill level 10 in Spellcasting
 12325 | D:11     | Offered knowledge of Spellforged Servitor by Vehumet.
 12340 | D:11     | Learned a level 7 spell: Spellforged Servitor
 12392 | D:11     | Reached skill level 10 in Conjurations
 12474 | D:11     | Gained mutation: Potions and wands are less effective at restoring your health. [mutagenic meat]
 12475 | D:11     | Gained mutation: You are dopey. (Int -2) [mutagenic meat]
 12477 | D:11     | Lost mutation: You are frail (-10% HP). [mutagenic meat]
 12763 | D:11     | Reached skill level 1 in Summonings
 12869 | D:12     | Noticed Rupert
 12887 | D:12     | Killed Rupert
 13168 | D:12     | Killed an unseen horror
 13243 | D:12     | Noticed a hill giant
 13254 | D:12     | Killed a hill giant
 13369 | D:12     | Lost mutation: You are dopey. (Int -2) [potion of cure mutation]
 13369 | D:12     | Lost mutation: Your flesh is cold resistant. [potion of cure mutation]
 13369 | D:12     | Lost mutation: Potions and wands are less effective at restoring your health. [potion of cure mutation]
 13373 | D:12     | Gained mutation: You evolve. [potion of beneficial mutation]
 13377 | D:12     | Gained mutation: Your magical capacity is low (-10% MP). [potion of mutation]
 13377 | D:12     | Gained mutation: You expend magic power (3 MP) to strengthen your wands. [potion of mutation]
 13377 | D:12     | Gained mutation: You are resistant to hostile enchantments. [potion of mutation]
 13437 | D:12     | Noticed Maud
 13458 | D:12     | Killed Maud
 13794 | Lair:1   | Entered Level 1 of the Lair of Beasts
 13954 | Lair:1   | Noticed a five-headed hydra
 13959 | Lair:1   | Killed a five-headed hydra
 14201 | Lair:1   | HP: 3/81 [spiny frog (17)]
 14201 | Lair:1   | Reached XP level 12. HP: 3/88 MP: 17/23
 15033 | Lair:2   | Reached skill level 11 in Conjurations
 15427 | Lair:2   | Noticed a four-headed hydra
 15446 | Lair:2   | Killed a four-headed hydra
 15519 | Lair:2   | Noticed a six-headed hydra
 15528 | Lair:2   | Killed a six-headed hydra
 15541 | Lair:2   | Offered knowledge of Conjure Ball Lightning by Vehumet.
 16297 | Lair:3   | Noticed a five-headed hydra
 16310 | Lair:3   | Killed a five-headed hydra
 16365 | Lair:3   | Found a labyrinth entrance.
 16369 | Lair:3   | Noticed barakagiga's ghost (journeyman TrMo)
 16390 | Lab      | Entered a labyrinth
 16668 | Lab      | Noticed a minotaur
 16683 | Lab      | Killed a minotaur
 16715 | Lab      | Got a vibrating brass amulet
 16716 | Lab      | Got a scorched scale mail
 16740 | Lab      | Identified the amulet "Miphakub" {Spirit +Inv Int+3} (You found it in a labyrinth)
 17186 | Lair:3   | Gained mutation: You are robust (+10% HP). [evolution]
 17192 | Lair:3   | Got a glittering ivory amulet
 17193 | Lair:3   | Identified the amulet of Atreveerph {Dismiss rC- rN+++ MP+9 Stlth-} (You found it on level 3 of the Lair of Beasts)
 17194 | Lair:3   | Identified the +3 scale mail of the Six Beds {Str+3} (You found it in a labyrinth)
 17467 | Lair:3   | Killed barakagiga's ghost
 17588 | Lair:3   | Reached skill level 5 in Dodging
 17767 | Lair:3   | Gained mutation: You are dopey. (Int -2) [potion of mutation]
 17767 | Lair:3   | Gained mutation: You regenerate slowly when monsters are visible. [potion of mutation]
 17767 | Lair:3   | Lost mutation: You are robust (+10% HP). [potion of mutation]
 18461 | Lair:4   | Reached skill level 12 in Conjurations
 18484 | Lair:4   | Reached skill level 5 in Summonings
 19060 | Lair:4   | Offered knowledge of Bolt of Fire by Vehumet.
 19073 | Lair:4   | Learned a level 6 spell: Bolt of Fire
 19722 | Lair:5   | Found a staircase to the Snake Pit.
 19809 | Lair:5   | Reached XP level 13. HP: 92/96 MP: 4/25
 20134 | Lair:5   | Gained mutation: You rapidly evolve. [potion of mutation]
 20549 | Lair:1   | Gained mutation: Your spells are a little harder to cast, but a little more powerful. [evolution]
 20580 | Lair:1   | Learned a level 3 spell: Regeneration
 21045 | Lair:5   | Found a staircase to the Swamp.
 21047 | Lair:5   | Offered knowledge of Ozocubu's Refrigeration by Vehumet.
 21990 | Lair:6   | Found a staircase to the Slime Pits.
 23357 | Lair:7   | Reached ****** piety under Vehumet
 23416 | Lair:7   | Lost mutation: Your magical capacity is low (-10% MP). [evolution]
 23689 | Lair:7   | Offered knowledge of Orb of Destruction by Vehumet.
 24328 | Lair:7   | Reached skill level 13 in Conjurations
 24344 | Lair:7   | Learned a level 5 spell: Iskenderun's Battlesphere
 25225 | Lair:7   | Reached skill level 10 in Fire Magic
 25227 | Lair:7   | Gained mutation: You have a moderately thin skeletal structure (Dex +4, Stealth+). [demonic ancestry]
 25227 | Lair:7   | Reached XP level 14. HP: 106/106 MP: 5/29
 25723 | Lair:7   | Gained mutation: You have large cloven feet. [evolution]
 25843 | Lair:8   | Entered Level 8 of the Lair of Beasts
 26004 | Lair:8   | Offered knowledge of Delayed Fireball by Vehumet.
 26926 | Lair:8   | Learned a level 7 spell: Delayed Fireball
 27797 | Lair:8   | Offered knowledge of Freezing Cloud by Vehumet.
 28787 | D:13     | Reached skill level 14 in Conjurations
 28939 | D:13     | Reached skill level 1 in Necromancy
 29024 | D:13     | Reached skill level 1 in Charms
 29236 | D:14     | Found a basalt altar of Yredelemnul.
 29977 | D:14     | Reached XP level 15. HP: 114/114 MP: 25/31
 30131 | D:14     | Found a runed door.
 30696 | D:14     | Found a gate to the Vaults.
 31324 | D:14     | Noticed a tengu reaver
 31331 | D:14     | Killed a tengu reaver
 31424 | D:15     | Entered Level 15 of the Dungeon
 31424 | D:15     | Gained mutation: You are highly resistant to hostile enchantments. [evolution]
 31542 | D:15     | Found Voukko's Gadget Emporium.
 31622 | D:15     | Got a transparent zirconium amulet
 31631 | D:15     | Found Liuq's General Store.
 31639 | D:15     | Bought a scroll of blinking for 105 gold pieces
 31762 | D:15     | Found Ygiwkil's General Store.
 31812 | D:15     | Reached skill level 10 in Fighting
 31870 | D:15     | Found Giril's Antique Armour Boutique.
 32060 | D:15     | Found Tytule's Antique Armour Boutique.
 32150 | D:15     | Bought a runed robe for 17 gold pieces
 32291 | D:15     | Found a staircase to the Depths.
 32423 | Lair:1   | Identified the amulet of Trog's Scorn {Harm *Drain +Inv rF- Str+5 Stlth+} (You found it on level 15 of the Dungeon)
 32653 | Swamp:1  | Entered Level 1 of the Swamp
 33130 | Swamp:1  | Identified the Almanac of Karma
 33187 | Swamp:1  | Noticed Donald
 33196 | Swamp:1  | Killed Donald
 33374 | Swamp:1  | Reached skill level 15 in Conjurations
 34317 | Swamp:2  | Reached skill level 1 in Shields
 34595 | Swamp:2  | Noticed a thorn hunter
 34599 | Swamp:2  | Killed a thorn hunter
 34733 | Swamp:2  | Noticed Aizul
 34748 | Swamp:2  | Noticed Nikola
 34876 | Swamp:2  | Noticed a thorn hunter
 34884 | Swamp:2  | Killed a thorn hunter
 35047 | Swamp:2  | Reached XP level 16. HP: 118/123 MP: 32/32
 35199 | Swamp:2  | Learned a level 6 spell: Bolt of Cold
 35259 | Swamp:2  | Killed Aizul
 35576 | Swamp:2  | Killed Nikola
 35576 | Swamp:2  | Reached skill level 5 in Necromancy
 35576 | Swamp:2  | Reached skill level 1 in Ice Magic
 35588 | Swamp:2  | Got a pair of shimmering gloves
 35589 | Swamp:2  | Identified the cursed +0 pair of gloves of the Tundras {SInv} (You took it off Nikola on level 2 of the Swamp)
 35683 | Swamp:2  | Offered knowledge of Lehudib's Crystal Spear by Vehumet.
 35683 | Swamp:2  | Offered knowledge of Fire Storm by Vehumet.
 35683 | Swamp:2  | Offered knowledge of Tornado by Vehumet.
 36326 | Swamp:3  | Identified a scroll of acquirement
 36434 | Swamp:3  | Found a frozen archway.
 36550 | IceCv    | Entered an ice cave
 37800 | Swamp:4  | Entered Level 4 of the Swamp
 38065 | Swamp:3  | HP: 6/124 [poisoned by a swamp dragon (blast of poison)]
 38065 | Swamp:3  | Mangled by a swamp worm

Skill      XL: |  1  2  3  4  5  6  7  8  9 10 11 12 13 14 15 16 |
---------------+-------------------------------------------------+-----
Fire Magic     | 3 4 5 6 7 8 9 10 11 | 11.5
Spellcasting   | 3 4 5 6 8 9 10 11 12 13 | 13.0
Conjurations   | 2 3 4 5 7 9 10 12 13 14 15 | 15.7
Fighting       | 2 4 6 7 8 9 10 | 10.7
Dodging        | 2 3 5 7 8 9 |  9.3
Summonings     | 3 5 6 |  6.7
Necromancy     | 2 4 5 |  5.7
Charms         | 2 3 4 |  4.5
Shields        | 1 3 |  3.1
Ice Magic      | 2 |  2.3
Stealth        | |  1.7

Action                   |  1- 3 |  4- 6 |  7- 9 | 10-12 | 13-15 | 16-18 || total
-------------------------+-------+-------+-------+-------+-------+-------++-------
Melee: Club              |    72 |    10 |     2 |       |       |       ||    84
       Whip              |       |       |    19 |   103 |   214 |       ||   336
       Staff             |       |       |       |     2 |    30 |     8 ||    40
 Cast: Flame Tongue      |    37 |   108 |   216 |   658 |    75 |       ||  1094
       Throw Flame       |       |     5 |   113 |   109 |     1 |       ||   228
       Conjure Flame     |       |     4 |     4 |    25 |     1 |       ||    34
       Magic Dart        |       |       |     4 |     1 |       |       ||     5
       Fireball          |       |       |       |     8 |    49 |    11 ||    68
       Bolt of Fire      |       |       |       |    10 |   491 |   147 ||   648
       Iskenderun's Batt |       |       |       |       |    52 |     7 ||    59
       Regeneration      |       |       |       |       |    14 |     9 ||    23
       Delayed Fireball  |       |       |       |       |     1 |       ||     1
 Abil: Release Delayed F |       |       |       |       |     1 |       ||     1
  Use: Potion            |       |       |     2 |    12 |     6 |     2 ||    22
       Scroll            |       |       |       |    23 |     9 |     5 ||    37
 Stab: Sleeping          |     3 |       |       |     2 |       |       ||     5
  Eat: Chunk             |     2 |     5 |    18 |    32 |    46 |     2 ||   105
       Beef jerky        |       |     1 |       |       |     1 |       ||     2
       Pizza             |       |       |     1 |       |     1 |     5 ||     7
       Meat ration       |       |       |       |     1 |       |       ||     1
Armor: Robe              |    23 |    21 |    42 |    95 |    46 |     8 ||   235
Dodge: Dodged            |    66 |    37 |    89 |   269 |   278 |    54 ||   793
Block: Shield            |       |       |       |       |     9 |     2 ||    11
       Reflection        |       |       |       |       |     1 |       ||     1
